 Dungeon Sprint DCSS version 0.27.1-2-g3b301248ec (webtiles) character file.

Game seed: 11640756421216758481

1733 boopmooplesden the Fighter (level 8, -4/85 HPs)
             Began as a Minotaur Fighter on Sept 22, 2021.
             Was a Follower of Okawaru.
             Slain by a polar bear (22 damage)
             ... while paralysed by a hornet
             ... in the Dungeon (Sprint II: "The Violet Keep of Menkaure").
             The game lasted 00:03:13 (838 turns).

boopmooplesden the Fighter (Minotaur Fighter)        Turns: 838, Time: 00:03:13

Health: -4/85      AC: 14    Str: 22    XL:     8   Next: 76%
Magic:  7/7        EV:  2    Int:  5    God:    Okawaru [*.....]
Gold:   10         SH:  0    Dex: 11    Spells: 7/7 levels left

rFire    . . .     SeeInvis .   a - +0 long sword
rCold    . . .     Faith    .   l - +2 kite shield
rNeg     . . .     Spirit   .   b - +0 scale mail
rPois    .         Reflect  .   (helmet restricted)
rElec    .         Harm     .   o - +0 cloak
rCorr    .         Rampage  .   k - +0 pair of gloves {archery}
Will     .....     NoTele   +   m - +0 pair of boots
Stlth    ..........             (no amulet)
HPRegen  0.24/turn              (no ring)
MPRegen  0.10/turn              (no ring)

@: paralysed, lethally poisoned (-4 -> -9), on berserk cooldown, slowed
A: horns 2, retaliatory headbutt
a: Renounce Religion, Heroism


You were in the Dungeon.
You worshipped Okawaru.
Okawaru was aware of your devotion.
You visited 1 branch You collected 972 gold pieces.
You spent 962 gold pieces at shops.

Inventory:

Hand Weapons
 a - a +0 long sword (weapon)
 d - a +1 spear of flaming
 n - a +3 long sword of draining
Armour
 b - a +0 scale mail (worn)
 c - a +0 kite shield
 k - a +0 pair of gloves of archery (worn)
 l - a +2 kite shield (worn)
 m - a +0 pair of boots (worn)
 o - a +0 cloak (worn)
 p - the +10 chain mail of Exceptional Curiosity {rC++ Int-5}
   (You bought it in a shop in the Dungeon)

   Int:       It affects your intelligence (-5).
   rC:        It greatly protects you from cold.
Scrolls
 j - a scroll of blinking
Potions
 e - a potion of curing
 f - a potion of heal wounds
 g - a potion of haste
 h - 2 potions of magic


   Skills:
 + Level 12.6 Fighting
 + Level 10.4 Long Blades
 + Level 12.3 Armour
 + Level 2.6 Dodging
 + Level 0.3 Stealth
 + Level 12.2 Shields


You had 7 spell levels left.
You didn't know any spells.
Your spell library was empty.

Dungeon Overview and Level Annotations

Branches:
Dungeon (1/1)

Altars:
Cheibriados
Dithmenos
Elyvilon
Fedhas
Gozag
Hepliaklqana
Kikubaaqudgha
Makhleb
Nemelex Xobeh
Okawaru
Qazlal
Ru
Sif Muna
Trog
Uskayaw
Vehumet
Wu Jian
Xom
Yredelemnul
Zin
The Shining One
Beogh
Jiyva
Lugonu

Shops:
D :(!:[!(=![:=[!?

Annotations:
D exclusion: oklob plant


Innate Abilities, Weirdness & Mutations

You have a pair of horns on your head.
You reflexively headbutt those who attack you in melee.


Message History

You block the polar bear's attack. x2; The polar bear closely misses you.
The hornet closely misses you. You furiously retaliate!
You headbutt the hornet. The polar bear barely misses you.
You furiously retaliate!
You headbutt the polar bear. The polar bear closely misses you.
The polar bear claws you but does no damage.
The polar bear bites you but does no damage.
You block the polar bear's attack. The polar bear barely misses you.
You block the hornet's attack.
You barely miss the polar bear. You headbutt the polar bear.
The polar bear is severely wounded.
You block the polar bear's attack. The polar bear claws you.
The polar bear claws you but does no damage.
The polar bear bites you but does no damage.
You block the polar bear's attack.
The polar bear claws you but does no damage.
The hornet misses you.
The polar bear bites you but does no damage.
The polar bear claws you. The polar bear closely misses you.
The polar bear bites you! You block the polar bear's attack. x2
You slash the polar bear!
The polar bear is almost dead.
The hornet stings you.
You feel as though you will be slow longer.
The polar bear bites you!
* * * LOW HITPOINT WARNING * * *
You block the polar bear's attack. x2; The hornet misses you.
You riposte.
You miss the hornet.
The hornet is heavily wounded.
You block the polar bear's attack.
The polar bear claws you but does no damage. x2
The polar bear bites you.
* * * LOW HITPOINT WARNING * * *
The polar bear claws you but does no damage.
The polar bear completely misses you. The hornet stings you.
* * * LOW HITPOINT WARNING * * *
You are poisoned.
You suddenly lose the ability to move!
You feel sick. The polar bear bites you!!
You die...

##.##..# +..# c#▓)!!!!
#.#.#..# #..# h#▓?)$$?(
'###§..### ..##.#▓!?$$$[$
#.#.#..§.###...##▓▓▓▓▓▓▓+
##.##......≈≈≈≈≈≈≈≈≈≈≈≈≈
####≈≈.....≈#'########+###
.#≈≈≈§≈≈≈..≈#.._._._.#≈§≈##
##≈≈≈≈≈≈≈≈.≈#._hy._..#§≈§≈
#≈≈§§§§≈≈§≈≈#_.h@_._.#S§§
≈≈≈≈§§≈§≈≈≈≈#._._._._#S§§≈
++#≈≈§§≈≈≈≈≈#.._._._.#§§≈§
##≈§§###≈≈#..._._._#≈§≈§§S
##≈≈ #≈≈#...._._.#≈§≈≈≈≈
#≈≈#....._._#≈§§≈▓
§§≈##########≈§≈§▓z
####≈≈≈≈≈≈≈≈≈≈≈§§▓z
≈###≈########≈▓▓▓▓▓


You could see 2 polar bears, a hornet and 2 water moccasins.

Vanquished Creatures
  A merfolk siren (D)
  A yaktaur (D)
  A polar bear (D)
  2 wyverns (D)
  A water moccasin (D)
  4 necrophages (D)
  4 scorpions (D)
  A hell rat (D)
15 creatures vanquished.

Vanquished Creatures (others)
  Menkaure (D)
  A water moccasin (D)
2 creatures vanquished.

Grand Total: 17 creatures vanquished

Notes
Turn   | Place    | Note
-------+----------+-------------------------------------------
     0 | D        | boopmooplesden the Minotaur Fighter began the quest for the
                  | Orb.
     0 | D        | Reached XP level 1. HP: 19/19 MP: 0/0
     1 | D        | Noticed a merfolk siren
    11 | D        | Killed a water moccasin
    15 | D        | Killed a merfolk siren
    16 | D        | Reached skill level 5 in Long Blades
    16 | D        | Reached XP level 2. HP: 38/38 MP: 1/1
    16 | D        | Reached XP level 3. HP: 45/45 MP: 2/2
    16 | D        | Reached XP level 4. HP: 51/51 MP: 3/3
    16 | D        | Reached XP level 5. HP: 58/58 MP: 4/4
    16 | D        | Reached XP level 6. HP: 66/66 MP: 5/5
    22 | D        | Noticed a wyvern
    22 | D        | Noticed a wyvern
    25 | D        | Killed a wyvern
    26 | D        | Reached skill level 10 in Fighting
    26 | D        | Reached skill level 10 in Armour
    26 | D        | Reached skill level 10 in Shields
    29 | D        | Killed a wyvern
    30 | D        | Reached XP level 7. HP: 23/74 MP: 6/6
    40 | D        | Killed Menkaure
   381 | D        | Reached XP level 8. HP: 83/83 MP: 7/7
   401 | D        | Reached skill level 1 in Dodging
   408 | D        | Found Buwiorun's Distillery.
   480 | D        | Found Ysuad's Distillery.
   480 | D        | Found Hewilosau's Jewellery Emporium.
   480 | D        | Found Gewudat's Antique Armour Shoppe.
   480 | D        | Found Zauhirphe's Antique Weapon Shoppe.
   480 | D        | Found Siuczoeh's Book Shoppe.
   480 | D        | Found Isuac's Book Emporium.
   480 | D        | Found Fejaism's Armour Shoppe.
   480 | D        | Found Reluviz's Magic Scroll Shoppe.
   480 | D        | Found Nidghirch's Antique Armour Emporium.
   481 | D        | Found Kutupe's Distillery.
   481 | D        | Found Yrpheuco's Jewellery Shoppe.
   481 | D        | Found Bioxt's Distillery.
   481 | D        | Found Isaoveol's Weapon Emporium.
   481 | D        | Noticed a shining eye
   704 | D        | Noticed a shining eye
   704 | D        | Noticed a shining eye
   704 | D        | Noticed an oklob plant
   727 | D        | Found Keicviq's Book Shoppe.
   727 | D        | Noticed a hell hog
   728 | D        | Noticed a hell hog
   732 | D        | Noticed a manticore
   732 | D        | Noticed a manticore
   739 | D        | Bought a pair of runed gloves for 150 gold pieces
   739 | D        | Bought a shiny kite shield for 150 gold pieces
   739 | D        | Bought a pair of boots for 90 gold pieces
   762 | D        | Bought a +3 long sword of draining for 279 gold pieces
   768 | D        | Bought a cloak for 94 gold pieces
   768 | D        | Bought a black opal-encrusted chain mail for 199 gold
                  | pieces
   768 | D        | Identified the +10 chain mail of Exceptional Curiosity
                  | {rC++ Int-5} (You bought it in a shop in the Dungeon)
   796 | D        | Found a hazy altar of Hepliaklqana.
   796 | D        | Found a snail-covered altar of Cheibriados.
   797 | D        | Found a stormy altar of Qazlal.
   797 | D        | Found a viscous altar of Jiyva.
   797 | D        | Found a shadowy altar of Dithmenos.
   798 | D        | Found a sacrificial altar of Ru.
   798 | D        | Found an ancient bone altar of Kikubaaqudgha.
   798 | D        | Found a white marble altar of Elyvilon.
   799 | D        | Found an ornate altar of the Wu Jian Council.
   799 | D        | Found a shimmering blue altar of Sif Muna.
   799 | D        | Found a corrupted altar of Lugonu.
   800 | D        | Found a shimmering altar of Xom.
   800 | D        | Found a bloodstained altar of Trog.
   800 | D        | Found a burning altar of Makhleb.
   801 | D        | Found a glowing golden altar of the Shining One.
   801 | D        | Found a basalt altar of Yredelemnul.
   801 | D        | Found a hide-covered altar of Uskayaw.
   803 | D        | Found a glowing silver altar of Zin.
   803 | D        | Found a radiant altar of Vehumet.
   803 | D        | Found a blossoming altar of Fedhas.
   803 | D        | Found a sparkling altar of Nemelex Xobeh.
   803 | D        | Noticed a hornet
   803 | D        | Noticed a polar bear
   803 | D        | Noticed a polar bear
   804 | D        | Found an opulent altar of Gozag.
   804 | D        | Found an iron altar of Okawaru.
   804 | D        | Noticed a yaktaur
   804 | D        | Noticed a polar bear
   813 | D        | Became a worshipper of Warmaster Okawaru
   814 | D        | Noticed a flying skull
   814 | D        | Noticed a flying skull
   824 | D        | Killed a polar bear
   829 | D        | Killed a yaktaur
   829 | D        | Reached * piety under Okawaru
   830 | D        | Reached skill level 10 in Long Blades
   837 | D        | Paralysed by a hornet for 3 turns
   838 | D        | Slain by a polar bear

Illustrated notes

Levels and vault maps discovered:
D:        the_violet_keep_of_menkaure [sprint2_stairs_cluster_1,
          sprint2_shoproom, sprint2_temple, sprint2_basic_supplies,
          sprint2_obstacle_4, sprint2_obstacle_5, sprint2_obstacle_1,
          sprint2_obstacle_7, sprint2_obstacle_2, sprint2_timed_cluster_1,
          sprint2_smallroom_cluster_1, sprint2_smallroom_final_cluster_1,
          sprint2_transparent_cluster_1, sprint2_second_timed_cluster_1,
          sprint2_sniper_area_1, sprint2_heavy_combat_area_1,
          sprint2_mutation_trap_area_1, sprint2_forest_area_1,
          sprint2_light_combat_area_1, sprint2_behind_water_1,
          sprint2_near_end_vault_1]

Skill      XL: |  1  2  3  4  5  6  7  8 |
---------------+-------------------------+-----
Fighting       | 9 11 12 | 12.6
Long Blades    | 5 6 8 10 | 10.4
Armour         | 9 11 12 | 12.3
Shields        | 9 10 11 12 | 12.2
Dodging        | 2 |  2.6
Stealth        | |  0.3

Action                   |  1- 3 |  4- 6 |  7- 9 || total
-------------------------+-------+-------+-------++-------
Melee: Long sword        |    12 |     6 |    88 ||   106
       Headbutt          |     1 |     1 |    20 ||    22
  Use: Potion            |     1 |       |     1 ||     2
Armor: Scale mail        |       |       |    39 ||    39
Dodge: Dodged            |       |     1 |    43 ||    44
Block: Kite shield       |       |     4 |    67 ||    71
       Rpst.: Long sword |       |       |     8 ||     8
